Map: New Repugnancy LE

Players

DeepMind - Winner!

  • Race: Protoss Protoss
  • League: Platinum
  • Spawn Location: 1:00

Esper

  • Race: Terran Terran
  • League: Platinum
  • Spawn Location: 7:00

VOD

Have the link to the VOD?

Description

Time

  • Played on: April 2, 2019, 5:39 a.m.
  • Length: 23:40
Show
View Real Time Build Order
Export as new Build Order

DeepMind Protoss - Winner!

Build Orders:  

Get SALT Encoding   

  12  0:01  Probe  
  13  0:13  Probe  
  14  0:20  Pylon  
  14  0:21  Probe  
  15  0:34  Probe  
  15  0:40  Gateway  
  16  0:48  Assimilator  
  17  0:50  Probe  
  17  1:02  Probe  
  17  1:19  Probe  
  18  1:27  Zealot  
  18  1:31  Cybernetics Core  
  20  1:39  Pylon  
  20  1:41  Probe  
  21  1:51  Nexus  
  21  1:54  Probe  
  22  2:00  Stalker  
  22  2:04  Assimilator  
  22  2:06  Probe  
  25  2:18  Probe  
  25  2:21  Warp Gate  
  26  2:47  Stalker  
  26  2:49  Probe  
  29  2:57  Robotics Facility  
  29  3:01  Probe  
  28  3:27  Probe  
  29  3:34  Probe  
  29  3:39  Shield Battery, Probe  
  29  3:41  Shield Battery  
  31  3:47  Probe, Gateway x2  
  32  3:48  Gateway  
  32  3:51  Probe  
  32  3:53  Immortal  
  33  3:59  Probe  
  38  4:10  Twilight Council  
  38  4:18  Probe x2  
  40  4:26  Shield Battery  
  40  4:29  Observer, Pylon  
  40  4:30  Probe  
  40  4:40  Stalker, Pylon  
  42  4:50  Sentry  
  42  4:52  Stalker  
  46  4:55  Blink  
  46  5:04  Stalker  
  48  5:07  Pylon  
  48  5:16  Stalker  
  48  5:17  Stalker  
  48  5:20  Probe  
  51  5:41  Stalker x2  
  51  5:47  Probe x2  
  51  5:49  Assimilator  
  51  5:52  Stalker  
  51  5:53  Assimilator  
  53  5:59  Shield Battery, Probe x2  
  55  6:11  Probe  
  56  6:20  Stalker x3  
  62  6:26  Observer  
  62  6:27  Probe  
  62  6:29  Probe  
  65  6:39  Probe  
  66  6:41  Probe  
  67  6:47  Stalker  
  67  6:51  Probe  
  67  6:52  Stargate  
  70  6:56  Pylon  
  70  7:09  Pylon  
  70  7:10  Pylon  
  70  7:13  Pylon  
  70  7:27  Probe x2  
  72  7:31  Stalker  
  72  7:32  Stalker x3  
  80  7:38  Phoenix  
  82  7:52  Probe  
  82  7:53  Shield Battery  
  83  8:01  Phoenix  
  85  8:18  Observer  
  85  8:19  Probe  
  87  8:20  Probe  
  87  8:26  Phoenix  
  90  8:27  Probe  
  90  8:28  Probe  
  92  8:35  Forge, Nexus  
  92  8:36  Pylon x2  
  92  8:37  Pylon  
  92  8:39  Pylon  
  92  8:41  Probe, Pylon  
  93  8:54  Phoenix  
  95  9:02  Probe  
  96  9:04  Assimilator  
  96  9:09  Assimilator  
  96  9:19  Phoenix  
  96  9:23  Probe x2  
  100  9:29  Protoss Ground Weapons Level 1, Templar Archives  
  100  9:35  Probe x2  
  102  9:44  Phoenix  
  104  9:47  Probe x2  
  104  9:50  Stalker x4  
  114  9:59  Probe  
  115  10:08  Probe x2  
  115  10:09  Phoenix  
  115  10:10  Psionic Storm  
  115  10:11  Probe  
  115  10:12  Pylon  
  115  10:14  Pylon  
  120  10:15  Pylon  
  120  10:17  Pylon  
  120  10:20  Probe  
  121  10:34  Phoenix  
  121  10:43  High Templar x2  
  121  10:44  Probe x2  
  121  10:45  Probe  
  128  10:52  High Templar  
  128  10:53  Zealot  
  128  10:55  Charge  
  128  10:56  Probe x2  
  128  10:57  Warp Prism  
  134  10:59  Phoenix  
  138  11:05  Probe  
  139  11:14  Photon Cannon  
  139  11:15  High Templar  
  139  11:16  Probe, Photon Cannon  
  142  11:19  Photon Cannon  
  142  11:20  Probe  
  142  11:21  Nexus  
  142  11:22  Probe, Pylon  
  142  11:23  Pylon  
  142  11:24  Phoenix  
  142  11:25  Pylon  
  146  11:27  Pylon  
  146  11:28  Probe  
  146  11:29  Pylon  
  146  11:32  Probe, Protoss Air Weapons Level 1  
  148  11:34  Zealot, Probe  
  151  11:40  Probe  
  151  11:44  Probe  
  112  12:35  Stalker x4  
  100  13:08  Stalker x2  
  100  13:09  Stalker x2  
  102  13:24  Probe x2  
  100  13:30  Gateway  
  100  13:31  Protoss Ground Weapons Level 2, Gateway  
  100  13:32  Immortal, Gateway  
  104  13:37  Gateway x2  
  104  13:41  Gateway  
  96  14:12  Zealot x4  
  96  14:13  Probe  
  105  14:26  Probe  
  105  14:27  Probe x2  
  105  14:28  Probe  
  105  14:31  Assimilator  
  105  14:38  Assimilator, Probe  
  102  14:39  Zealot x3  
  102  14:40  Zealot x4  
  114  14:51  Probe x2, Gateway x2  
  116  14:52  Gateway  
  116  14:54  Gateway x2  
  116  14:56  Gateway  
  116  14:57  Fleet Beacon  
  116  14:59  Stargate  
  116  15:01  Stargate, Oracle  
  116  15:04  Stargate  
  116  15:07  Fleet Beacon  
  97  15:16  Zealot x4  
  97  15:17  Zealot x6  
  97  15:18  Probe  
  97  15:19  Probe x3  
  121  15:31  Probe  
  122  15:41  High Templar x3  
  122  15:42  High Templar x5  
  135  15:43  High Templar x2  
  135  15:45  Archon  
  135  15:46  Archon x2  
  135  15:47  Archon x2  
  140  15:57  Protoss Ground Armor Level 1  
  140  16:24  Zealot  
  140  16:25  Zealot x7  
  148  16:26  Zealot x2  
  152  16:35  Oracle x3  
  142  17:02  Zealot x4  
  142  17:03  Zealot x3  
  144  17:16  Zealot x2  
  144  17:17  Zealot x6  
  144  17:18  Zealot  
  142  17:44  Phoenix  
  142  17:45  Phoenix x3  
  142  17:48  Zealot x4  
  142  17:49  Zealot x10  
  142  17:50  Zealot x2  
  150  18:09  Phoenix x4  
  155  18:21  Observer  
  155  18:25  Phoenix x2  
  155  18:26  Phoenix x2  
  117  18:35  Stalker x3  
  117  18:36  Stalker x7  
  141  18:48  Dark Shrine  
  139  18:49  Phoenix x2  
  139  18:50  Phoenix x2  
  118  19:10  Stalker  
  118  19:11  Stalker x6  
  118  19:14  Phoenix x2  
  118  19:15  Phoenix  
  124  19:40  Zealot  
  124  19:41  Zealot x9  
  116  20:22  Dark Templar  
  116  20:23  Dark Templar x9  
  136  20:43  Nexus  
  124  21:24  Pylon  
  122  21:26  Pylon  
  122  21:31  Assimilator  
  122  21:33  Assimilator  
  122  21:35  Stalker  
  122  21:36  Stalker  
  122  21:37  High Templar x5  
  122  21:38  High Templar x3  
  142  21:40  Zealot x2  
  142  21:44  Archon  
  142  21:45  Archon x3  
  140  21:53  Robotics Facility  
  136  22:10  Tempest x2  
  146  22:17  Zealot x4  
  153  22:29  Dark Templar x2  
  157  22:50  Dark Templar x2  
  157  22:51  Dark Templar x2  
  129  23:20  Dark Templar  
  129  23:21  Dark Templar x2  
  129  23:25  Sentry  
  137  23:27  Stalker  
Show
View Real Time Build Order
Export as new Build Order

Esper Terran 

Build Orders: 1/1/1, Banshee Rush 

Get SALT Encoding   

  12  0:00  SCV  
  13  0:12  Supply Depot  
  13  0:17  SCV  
  14  0:29  SCV  
  15  0:35  Barracks  
  15  0:41  Refinery  
  15  0:44  SCV  
  16  0:52  Refinery  
  16  0:57  SCV  
  17  1:09  SCV  
  18  1:21  SCV  
  19  1:26  Reaper  
  20  1:33  Orbital Command  
  20  1:42  Factory  
  20  1:48  Supply Depot  
  20  1:58  Marine  
  20  2:01  SCV  
  22  2:13  SCV  
  23  2:26  Starport  
  23  2:33  SCV  
  23  2:34  Marine  
  25  2:46  SCV  
  25  2:51  Marine, Supply Depot  
  27  3:03  Starport  
  27  3:08  Starport Tech Lab  
  27  3:19  Marine  
  28  3:23  SCV  
  28  3:35  Banshee, SCV  
  28  3:36  Hyperflight Rotors, Marine  
  28  3:39  Starport Tech Lab  
  33  3:43  Supply Depot  
  33  3:47  SCV  
  34  3:54  Marine  
  35  3:58  Cloaking Field, Banshee  
  38  4:03  SCV  
  38  4:06  Supply Depot  
  39  4:12  Marine  
  40  4:18  Banshee  
  43  4:32  Supply Depot  
  43  4:44  SCV  
  44  4:53  Command Center, Banshee  
  47  5:00  Banshee  
  47  5:06  SCV  
  51  5:07  Marine  
  52  5:25  Marine, Refinery  
  53  5:28  Refinery  
  52  5:35  Banshee  
  55  5:43  Banshee  
  58  5:54  SCV  
  59  6:06  SCV  
  59  6:07  Factory Tech Lab  
  59  6:09  Factory  
  60  6:18  Banshee, SCV  
  61  6:21  Orbital Command  
  64  6:26  Banshee  
  64  6:30  SCV  
  64  6:31  Mag-Field Accelerator  
  68  6:42  SCV  
  69  6:54  SCV  
  70  7:06  SCV  
  70  7:07  Factory Tech Lab  
  74  7:10  Factory  
  74  7:14  Factory  
  77  7:16  SCV  
  78  7:29  Command Center  
  78  7:37  SCV x2  
  74  7:45  Supply Depot x2  
  74  7:54  Armory  
  74  8:07  Cyclone x2, SCV x2  
  74  8:09  Supply Depot  
  74  8:10  Supply Depot  
  82  8:22  Factory Tech Lab x2  
  82  8:46  Cyclone x4  
  82  8:47  SCV x2  
  97  8:49  Orbital Command  
  97  8:53  Refinery  
  96  8:58  Terran Vehicle And Ship Armor Level 1  
  96  8:59  SCV  
  96  9:00  SCV  
  98  9:14  SCV  
  98  9:15  SCV x2  
  101  9:22  Factory x2  
  101  9:27  Cyclone x2  
  107  9:43  Cyclone x2  
  113  9:49  Armory  
  113  9:55  Engineering Bay  
  113  9:58  SCV x3  
  116  10:06  Factory Tech Lab  
  116  10:07  Factory Tech Lab  
  116  10:10  SCV  
  117  10:19  Refinery  
  117  10:25  Sensor Tower  
  117  10:34  Sensor Tower, SCV  
  117  10:46  Missile Turret  
  117  10:53  Missile Turret  
  117  10:57  Missile Turret  
  117  10:59  Terran Vehicle And Ship Armor Level 2  
  117  11:00  Terran Vehicle Weapons Level 1, Missile Turret  
  117  11:09  Cyclone x2, SCV x2  
  125  11:15  Supply Depot  
  125  11:16  Supply Depot  
  125  11:17  Supply Depot  
  125  11:29  Cyclone x2, SCV x2  
  133  11:36  Cyclone x2, SCV  
  140  11:41  SCV x2  
  97  11:58  Cyclone x2  
  97  12:01  Cyclone x2  
  91  12:14  Cyclone x2  
  91  12:30  Cyclone x2  
  97  12:39  Cyclone x2  
  100  12:46  Cyclone  
  81  13:03  Cyclone  
  81  13:04  Cyclone x2  
  71  13:11  Cyclone  
  68  13:18  SCV x3  
  56  13:30  SCV  
  51  13:43  SCV  
  51  13:44  SCV x2  
  51  13:46  Cyclone x6  
  70  13:53  Terran Vehicle Weapons Level 2  
  70  13:54  Terran Vehicle And Ship Armor Level 3  
  68  13:55  SCV  
  68  13:56  SCV x2  
  71  14:08  SCV  
  69  14:18  Cyclone  
  69  14:23  Cyclone x5  
  84  14:25  SCV  
  84  14:26  SCV x2  
  81  14:50  Cyclone  
  84  14:55  Cyclone x3  
  84  14:56  Cyclone x2  
  79  15:16  SCV x2  
  79  15:17  SCV  
  82  15:22  Cyclone  
  82  15:27  Cyclone  
  88  15:53  SCV x3  
  91  16:04  Cyclone x2  
  91  16:05  Cyclone  
  91  16:10  Hellbat x3  
  106  16:31  Hellbat x3  
  112  16:37  Hellbat x3  
  118  16:53  Hellbat  
  108  17:12  Hellbat  
  108  17:13  Hellbat x4  
  108  17:14  Hellbat  
  111  17:22  SCV x2  
  104  17:34  Hellbat x3  
  110  17:43  Cyclone x3  
  119  17:44  Orbital Command  
  119  17:55  Cyclone x3  
  102  18:26  Infernal Pre-Igniter  
  84  18:47  Cyclone x3  
  84  18:48  Cyclone  
  96  18:49  Hellbat x2  
  75  19:11  Hellbat x2  
  74  19:19  Hellbat  
  66  19:27  Cyclone x2  
  72  19:32  Refinery  
  72  19:33  Refinery  
  69  19:50  Hellbat x2  
  69  19:51  Hellbat x2  
  77  19:59  Hellbat x2  
  71  20:12  Hellbat x3  
  72  20:20  Thor  
  57  21:21  Cyclone x2  
  63  21:52  Hellion x4  
  63  21:53  Hellion x2  
Tags
 
Add a new tag
Caveats
  • Supply blocks, unpowered buildings, or Contaminate may cause inaccurate times.
  • Supply counts are checked every 10 seconds.